 Dungeon Crawl Stone Soup version 0.30.1-11-g7821555f0a (webtiles) character file.

Game seed: 4553665457775565992

868 cdecastro the Reanimator (level 7, -1/46 HPs)
             Began as a Demonspawn Necromancer on Dec 18, 2023.
             Was a Follower of Nemelex Xobeh.
             Slain by Menkaure (14 damage)
             ... on level 5 of the Dungeon.
             The game lasted 00:16:32 (4820 turns).

cdecastro the Reanimator (Demonspawn Necromancer)   Turns: 4820, Time: 00:16:33

Health: -1/46      AC: 14    Str: 15    XL:     7   Next: 73%
Magic:  10/10      EV: 17    Int: 16    God:    Nemelex Xobeh [*.....]
Gold:   292        SH:  0    Dex: 13    Spells: 2/10 levels left

rFire   . . .        a - +1 dagger (venom)
rCold   . . .        (no shield)
rNeg    . . .        B - +1 robe "Omakloyz" {Fly Str+4}
rPois   .            (no helmet)
rElec   .            C - +0 cloak
rCorr   .            n - +0 pair of gloves
SInv    .            (no boots)
Will    .....        (no amulet)
Stlth   ++           d - +5 ring of evasion
HPRegen 0.27/turn    l - ring of wizardry
MPRegen 0.12/turn

%: wizardry (x1)
@: sanguine armoured, flying
A: claws 1, spiny 1, sanguine armour 2
a: Renounce Religion, Draw Escape, Draw Destruction, Draw Summoning


You were on level 5 of the Dungeon.
You worshipped Nemelex Xobeh.
Nemelex Xobeh was aware of your devotion.
You visited 1 branch of the dungeon, and saw 5 of its levels.

You collected 292 gold pieces.

Inventory:

Hand Weapons
 a - a +1 dagger of venom (weapon)
 f - a +0 dagger
Missiles
 m - 13 poisoned darts
 t - 35 stones
Armour
 c - a +0 ring mail
 n - a +0 pair of gloves (worn)
 B - the +1 robe "Omakloyz" (worn) {Fly Str+4}
   (You found it on level 2 of the Dungeon)

   Str:       It affects your strength (+4).
   Fly:       It grants you flight.
 C - a +0 cloak (worn)
Magical Staves
 j - a staff of fire
Jewellery
 d - a +5 ring of evasion (left hand)
 l - a ring of wizardry (right hand)
 s - a ring of flight
 J - an amulet of guardian spirit
 K - a ring of magical power
Wands
 A - a wand of charming (10)
 F - a wand of acid (11)
Scrolls
 e - 2 scrolls of amnesia {unknown}
 i - 5 scrolls of teleportation {unknown}
 p - 2 scrolls of enchant weapon {unknown}
 r - 2 scrolls of enchant armour {unknown}
 u - 3 scrolls of fog {unknown}
 v - 2 scrolls of identify {unknown}
 w - a scroll of noise {unknown}
 y - 2 scrolls of fear {unknown}
 z - 2 scrolls of vulnerability {unknown}
 D - a scroll of brand weapon {unknown}
Potions
 b - a potion of magic
 g - 3 potions of degeneration {unknown}
 h - a potion of flight {unknown}
 k - 3 potions of curing {unknown}
 o - 2 potions of might {unknown}
 q - a potion of brilliance {unknown}
 x - 2 potions of lignification {unknown}
 E - a potion of haste {unknown}
 G - a potion of attraction {unknown}
 H - a potion of cancellation {unknown}
 I - a potion of berserk rage {unknown}


   Skills:
 - Level 1.7 Dodging
 - Level 1.7 Stealth
 - Level 2.0 Spellcasting
 + Level 10.6 Necromancy


You had 2 spell levels left.
You knew the following spells:

 Your Spells              Type           Power      Damage    Failure   Level
a - Necrotise             Necr           100%       1d9       1%          1
b - Vampiric Draining     Necr           35%        2d8       1%          3
c - Animate Dead          Necr           35%        N/A       1%          4

Your spell library contained the following spells:

 Spells                   Type           Power      Damage    Failure   Level
 Foxfire                  Conj/Fire      4%         2x1d4     9%          1
 Agony                    Necr           35%        N/A       3%          5
 Fireball                 Conj/Fire      0%         3d3       89%         5
 Plasma Beam              Fire/Air       0%         2x1d11    100%        6
 Starburst                Conj/Fire      0%         6d3       100%        6


Dungeon Overview and Level Annotations

Branches:
Dungeon (5/15)
 Temple: D:4-7

Altars:
Ashenzari
Nemelex Xobeh
Vehumet
Yredelemnul

Shops:
D:1 [

Annotations:
D:4 Eustachio
D:5 Menkaure


Innate Abilities, Weirdness & Mutations

You have sharp fingernails.
You are partially covered in sharp spines.
When seriously injured, your blood forms thick armour. (AC +9)


Message History

Found a stone staircase leading up.
Nemelex will now gift you decks of power as you gain piety.
Menkaure, Prince of Dust comes into view.
Found an escape hatch in the floor.
Menkaure shouts!
Menkaure is nearby!
Menkaure hits you.
You hit Menkaure.
Menkaure is lightly damaged.
You hit Menkaure.
Menkaure is lightly damaged.
Menkaure is struck by your spines. Menkaure barely misses you.
You hit Menkaure but do no damage.
Menkaure is moderately damaged.
Menkaure calls on the powers of darkness!
Your body is wracked with pain!
* * * LOW HITPOINT WARNING * * *
Your blood congeals into armour.
You hit Menkaure.
Menkaure is moderately damaged.
Menkaure closely misses you.
You hit Menkaure.
Menkaure is moderately damaged.
Menkaure gestures at you while chanting.
Pain shoots through your body!
* * * LOW HITPOINT WARNING * * *
You hit Menkaure.
Menkaure is heavily damaged.
You hit Menkaure but do no damage.
Menkaure is heavily damaged.
Menkaure is struck by your spines. Menkaure hits you.
* * * LOW HITPOINT WARNING * * *
You hit Menkaure but do no damage.
Menkaure is severely damaged.
Menkaure is struck by your spines. Menkaure closely misses you.
You hit Menkaure but do no damage.
Menkaure is almost destroyed.
Menkaure hits you!
You die...
Your body disappears without a glow.

....... ###.........##
#.<.#.. ...^...#
##.........####......
...#.... #......#....#.....#
...##...##
#....#####.......# ..#
#...###....# ##......## ..##
#...##....## ##.......#
...## #........####........#
##..###.......###....####..#
##...##........@.#### ..#
##...#.......M### #.#
##............# .#
#.......###..# ##.......#
##..# #........# #.M
##........# #.>
##..#......## #..
##..#####....# ...


You could see Menkaure.

Vanquished Creatures
  A water moccasin (D:5)
  A phantom (D:4)
  A scorpion (D:3)
  5 killer bees (D:4)
  A hound (D:4)
  An orc priest (D:4)
  A gnoll bouda (D:4)
  A sleepcap (D:5)
  An iguana (D:4)
  3 orc wizards
  4 gnolls (D:4)
  4 adders
  A shadow imp (D:5)
  An ufetubus (D:5)
  A worm (D:2)
  2 dart slugs
  10 orcs
  2 ball pythons (D:1)
  5 endoplasms
  4 giant cockroaches
  8 hobgoblins
  10 jackals
  3 quokkas
  6 bats
  3 frilled lizards
  5 goblins
  7 kobolds
  5 rats
97 creatures vanquished.

Vanquished Creatures (collateral kills)
  An adder (D:2)
  2 endoplasms
  A ball python (D:1)
  A rat (D:2)
5 creatures vanquished.

Grand Total: 102 creatures vanquished

Notes
Turn   | Place    | Note
-------+----------+-------------------------------------------
     0 | D:1      | cdecastro the Demonspawn Necromancer began the quest for
                  | the Orb.
     0 | D:1      | Reached XP level 1. HP: 13/13 MP: 3/3
   323 | D:1      | Found Rair's Antique Armour Shoppe.
   355 | D:1      | Gained mutation: When seriously injured, your blood forms
                  | armour. (AC +9) [demonic ancestry]
   355 | D:1      | Reached XP level 2. HP: 19/19 MP: 5/5
   401 | D:1      | Reached skill level 5 in Necromancy
   590 | D:1      | Found a faded altar of an unknown god.
  1070 | D:1      | Gained mutation: You are partially covered in sharp spines.
                  | [demonic ancestry]
  1070 | D:1      | Reached XP level 3. HP: 24/24 MP: 2/6
  1588 | D:2      | Reached skill level 6 in Necromancy
  1840 | D:2      | Reached XP level 4. HP: 26/30 MP: 3/7
  2032 | D:2      | Found a basalt altar of Yredelemnul.
  2060 | D:2      | Identified the +1 robe "Omakloyz" {Fly Str+4}
  2505 | D:3      | Noticed a scorpion
  2514 | D:3      | Killed a scorpion
  2515 | D:3      | Reached skill level 7 in Necromancy
  2515 | D:3      | Gained mutation: When seriously injured, your blood forms
                  | thick armour. (AC +9) [demonic ancestry]
  2515 | D:3      | Reached XP level 5. HP: 35/35 MP: 4/8
  3024 | D:4      | Noticed a phantom
  3129 | D:4      | Killed a phantom
  3174 | D:4      | Noticed Eustachio
  3268 | D:4      | Reached skill level 8 in Necromancy
  3275 | D:4      | Gained mutation: You have sharp fingernails. [demonic
                  | ancestry]
  3275 | D:4      | Reached XP level 6. HP: 20/41 MP: 0/9
  3962 | D:4      | Reached skill level 9 in Necromancy
  4050 | D:4      | Found a broken altar of Ashenzari.
  4056 | D:4      | Found a sparkling altar of Nemelex Xobeh.
  4057 | D:4      | Found a radiant altar of Vehumet.
  4078 | D:4      | Reached XP level 7. HP: 46/46 MP: 6/10
  4114 | D:4      | Became a worshipper of Nemelex Xobeh the Trickster
  4193 | D:4      | Reached skill level 10 in Necromancy
  4296 | D:5      | Entered Level 5 of the Dungeon
  4539 | D:5      | Learned a level 3 spell: Vampiric Draining
  4544 | D:5      | Learned a level 4 spell: Animate Dead
  4798 | D:5      | Reached * piety under Nemelex Xobeh
  4805 | D:5      | Noticed Menkaure
  4820 | D:5      | Slain by Menkaure

Illustrated notes

Levels and vault maps discovered:
D:1:      lightli_arrival_chessboard, layout_loops_ring, serial_shops, shop,
          shapermc_ecumenical_altar_mp_highgroup,
          chequers_serial_rivers_micro_d, minmay_tripent
D:2:      minmay_thinvault, layout_basic, basic_altar, minmay_tromino_v7
D:3:      layout_rooms, serial_bayou, serial_bayou_lagoon_b,
          serial_bayou_pond_e, serial_bayou_ford_a, serial_bayou_pond_d
D:4:      layout_basic, grunt_temple_overflow_open, uniq_eustachio
D:5:      layout_layer_cave, nicolae_gozag_seed_capital, general_overflow_altar,
          uniq_menkaure, uniq_crazy_yiuf_cottage

Skill      XL: |  1  2  3  4  5  6  7 |
---------------+----------------------+-----
Necromancy     | 5 6 7 8 9 10 | 10.6
Dodging        | |  1.7
Stealth        | |  1.7
Spellcasting   | |  2.0

Action                     |  1- 3 |  4- 6 |  7- 9 || total
---------------------------+-------+-------+-------++-------
  Melee: Dagger            |    39 |    49 |    35 ||   123
         Punch             |     1 |     1 |     1 ||     3
   Cast: Necrotise         |    63 |    53 |    20 ||   136
 Armour: Robe              |     9 |    17 |     4 ||    30
  Dodge: Dodged            |    53 |    70 |    40 ||   163
